Map: Port Aleksander LE

Players

PtitDrogo - Winner!

  • Race: Protoss Protoss
  • League: Grandmaster
  • Spawn Location: 5:00

Kas

  • Race: Terran Terran
  • League: Grandmaster
  • Spawn Location: 11:00

Event: 2019 WCS Winter Europe

VOD

Have the link to the VOD?

Description

Time

  • Played on: Feb. 7, 2019, 11:57 a.m.
  • Length: 17:23

All games in this series

Show
View Real Time Build Order
Export as new Build Order

PtitDrogo Protoss - Winner!

Build Orders: 1 Gate Expand, Phoenix Opening, Zealot Archon 

Get SALT Encoding   

  12  0:00  Probe  
  13  0:13  Probe  
  14  0:17  Pylon  
  14  0:24  Probe  
  15  0:32  Probe  
  15  0:37  Gateway  
  15  0:40  Probe  
  16  0:46  Assimilator  
  17  0:51  Probe  
  18  1:03  Probe  
  19  1:15  Probe  
  20  1:23  Nexus  
  20  1:32  Cybernetics Core  
  20  1:36  Probe  
  21  1:40  Assimilator  
  21  1:48  Probe  
  21  1:52  Pylon  
  22  2:00  Stalker, Probe  
  23  2:09  Warp Gate  
  23  2:12  Probe  
  26  2:23  Probe  
  27  2:30  Sentry  
  27  2:31  Probe  
  27  2:32  Probe  
  31  2:39  Probe  
  31  2:40  Probe  
  31  2:44  Robotics Facility  
  33  2:50  Probe  
  33  2:51  Probe  
  33  2:56  Stalker  
  37  3:02  Probe  
  37  3:03  Probe  
  37  3:04  Phoenix  
  39  3:05  Gateway  
  39  3:12  Probe, Gateway  
  39  3:16  Probe  
  41  3:20  Probe, Pylon  
  42  3:28  Probe x2  
  42  3:30  Observer  
  45  3:40  Probe x2  
  47  3:43  Assimilator  
  47  3:44  Pylon  
  47  3:45  Observer, Assimilator  
  47  3:52  Probe x2  
  50  4:01  Stalker x2  
  54  4:04  Probe x2  
  54  4:06  Observer  
  54  4:07  Stalker  
  59  4:10  Pylon  
  59  4:16  Probe  
  60  4:26  Stalker  
  62  4:33  Probe  
  60  4:39  Stalker x2  
  60  4:40  Probe  
  64  4:46  Probe  
  64  4:50  Stalker  
  64  4:52  Probe  
  66  4:58  Probe  
  66  5:02  Robotics Bay  
  66  5:04  Forge  
  66  5:05  Nexus  
  66  5:08  Pylon  
  66  5:11  Probe x2  
  68  5:23  Twilight Council, Probe x2  
  68  5:26  Sentry  
  68  5:28  Pylon  
  72  5:34  Probe x2  
  74  5:42  Probe x2  
  74  5:46  Protoss Ground Weapons Level 1  
  76  5:50  Probe x2, Pylon  
  78  6:01  Probe  
  78  6:02  Probe  
  78  6:03  Colossus  
  79  6:09  Stalker x2  
  83  6:13  Charge, Probe  
  83  6:14  Probe  
  83  6:17  Probe  
  93  6:25  Probe  
  93  6:26  Probe  
  93  6:30  Extended Thermal Lance  
  94  6:36  Gateway x2  
  94  6:37  Gateway  
  93  6:41  Gateway  
  93  6:44  Templar Archives  
  93  6:46  Colossus  
  93  6:47  Gateway  
  93  6:48  Probe x2  
  95  6:54  Assimilator, Probe  
  95  6:56  Assimilator  
  102  7:05  Forge, Probe  
  103  7:09  Probe  
  103  7:11  Probe  
  105  7:16  Pylon  
  105  7:24  Pylon  
  105  7:25  Probe  
  105  7:27  Protoss Ground Armor Level 1  
  106  7:31  Colossus, Nexus  
  106  7:33  Pylon  
  106  7:34  Observer, Zealot  
  108  7:38  Protoss Ground Weapons Level 2  
  114  7:45  Zealot x3, High Templar x2  
  114  7:49  Gateway  
  114  7:50  Archon  
  124  7:53  Gateway  
  124  7:58  Probe x2  
  125  8:03  Pylon  
  125  8:04  Pylon x2  
  126  8:07  Blink  
  126  8:12  Colossus  
  132  8:34  High Templar x2  
  132  8:35  Zealot x6  
  132  8:40  Archon  
  144  8:48  Zealot x2  
  148  8:56  High Templar x2  
  148  8:57  Zealot x4  
  148  8:59  Pylon  
  148  9:00  Archon  
  148  9:01  Pylon  
  158  9:03  Immortal  
  162  9:10  High Templar  
  162  9:11  High Templar  
  162  9:12  Zealot  
  162  9:14  Protoss Ground Armor Level 2  
  162  9:15  Archon  
  162  9:16  Zealot  
  162  9:17  Zealot  
  172  9:18  Zealot x3  
  172  9:20  Probe x2  
  172  9:22  Assimilator  
  172  9:24  Assimilator  
  176  9:31  Probe x2  
  176  9:33  Warp Prism  
  176  9:34  Protoss Ground Weapons Level 3  
  176  9:37  Robotics Facility  
  178  9:48  Photon Cannon  
  178  9:50  Photon Cannon  
  178  9:52  Zealot x4  
  184  10:02  Disruptor  
  184  10:08  Probe x3  
  184  10:19  Pylon  
  184  10:20  Pylon x2  
  184  10:23  Stalker x2  
  184  10:27  Disruptor, Pylon  
  188  10:29  Disruptor  
  192  10:43  Psionic Storm  
  192  10:45  High Templar  
  192  10:46  Stalker x3, High Templar  
  200  10:50  Archon  
  194  11:12  Nexus  
  194  11:14  Pylon  
  194  11:16  Assimilator  
  194  11:19  Protoss Shields Level 1  
  194  11:20  Assimilator  
  194  11:28  High Templar x3  
  200  11:37  Photon Cannon  
  200  11:39  Photon Cannon  
  196  12:18  Disruptor x2  
  194  12:30  High Templar x3  
  170  13:04  Disruptor x2  
  162  13:10  Stalker x7  
  162  13:11  Stalker x2  
  168  13:22  Protoss Shields Level 2  
  138  13:31  Stalker  
  138  13:33  Colossus  
  122  13:34  Colossus  
  122  13:36  Archon  
  121  13:43  Protoss Ground Armor Level 3  
  121  13:44  Probe  
  122  13:52  Zealot x4  
  122  13:53  Zealot x5  
  122  13:54  Nexus  
  146  13:56  Pylon  
  146  13:59  Assimilator  
  146  14:01  High Templar  
  148  14:09  Colossus  
  148  14:10  Pylon  
  148  14:16  Disruptor  
  148  14:20  Pylon  
  148  14:29  Pylon  
  157  14:31  Protoss Air Weapons Level 1  
  157  14:34  Stargate  
  157  14:40  Pylon  
  157  14:41  Dark Shrine  
  157  14:42  Pylon  
  156  14:45  Colossus  
  156  14:48  High Templar  
  156  14:49  High Templar  
  156  14:50  High Templar  
  156  14:52  Photon Cannon  
  168  14:54  Zealot x2, Photon Cannon  
  168  14:55  Zealot x5  
  168  14:57  Assimilator  
  182  15:00  Colossus  
  188  15:11  Probe  
  161  15:22  Probe  
  161  15:24  Stalker x7  
  161  15:25  Zealot x3  
  160  15:56  Dark Templar, Probe  
  160  15:57  Dark Templar x2  
  153  16:01  Colossus x2  
  153  16:04  Stalker x7  
  160  16:10  Gateway  
  170  16:15  Fleet Beacon, Probe  
  171  16:22  Dark Templar  
  159  16:36  Zealot x7  
  159  16:37  Zealot  
  175  16:42  Stargate  
  175  16:47  Stargate  
  175  16:50  Dark Templar x2  
  174  17:08  Archon  
  174  17:09  Archon  
  170  17:15  Stalker x4  
  170  17:16  Stalker x5  
Show
View Real Time Build Order
Export as new Build Order

Kas Terran 

Build Orders: Gas First Reaper Expand 

Get SALT Encoding   

  12  0:00  SCV  
  13  0:13  SCV  
  14  0:18  Supply Depot  
  14  0:25  SCV  
  15  0:29  Refinery  
  15  0:39  SCV  
  16  0:45  Barracks  
  16  0:51  SCV  
  17  1:03  SCV  
  18  1:15  SCV  
  19  1:32  Reaper, Orbital Command  
  20  1:43  Command Center  
  20  1:54  Factory  
  20  1:57  SCV  
  21  2:08  Barracks Reactor  
  21  2:09  SCV  
  21  2:11  Supply Depot  
  22  2:16  Refinery  
  22  2:21  SCV  
  23  2:34  SCV  
  24  2:39  Widow Mine  
  24  2:43  Marine x2  
  28  2:46  SCV  
  28  2:48  Starport  
  29  2:56  Orbital Command  
  29  3:00  SCV  
  29  3:01  Widow Mine  
  29  3:04  Marine x2  
  34  3:13  SCV  
  35  3:22  Marine x2  
  35  3:23  SCV  
  35  3:25  SCV, Medivac  
  41  3:29  Widow Mine  
  41  3:32  Supply Depot  
  43  3:37  SCV x2  
  45  3:41  Marine  
  46  3:52  Supply Depot, Factory Tech Lab  
  46  3:54  SCV x2  
  48  4:06  SCV x2  
  48  4:08  Command Center  
  50  4:10  Marine x2  
  50  4:17  Liberator, Siege Tank  
  55  4:18  SCV  
  55  4:21  Supply Depot  
  55  4:22  SCV  
  55  4:31  SCV  
  55  4:32  Marine x2  
  55  4:43  SCV  
  55  4:46  SCV  
  55  4:50  Marine  
  52  4:53  Siege Tank  
  52  4:54  Marine  
  52  4:55  SCV  
  52  4:58  SCV  
  52  4:59  Barracks  
  57  5:00  Barracks  
  57  5:01  Refinery  
  57  5:05  Bunker  
  57  5:07  SCV  
  57  5:08  Marine  
  57  5:10  SCV  
  60  5:17  Engineering Bay  
  60  5:19  SCV, Orbital Command  
  60  5:21  Starport Tech Lab  
  61  5:22  SCV  
  61  5:27  Marine x2  
  64  5:31  SCV, Siege Tank  
  64  5:34  SCV  
  69  5:43  SCV  
  69  5:45  Terran Infantry Weapons Level 1  
  69  5:46  SCV  
  69  5:47  Refinery  
  69  5:49  Missile Turret  
  71  5:50  Marine x2  
  71  5:52  Barracks Tech Lab  
  73  5:57  SCV x2, Starport Reactor, Barracks x2  
  73  6:01  Stimpack, Marine  
  76  6:04  Siege Tank  
  76  6:05  SCV  
  76  6:09  SCV, Marine x2  
  83  6:17  Supply Depot  
  80  6:19  Supply Depot x2  
  80  6:20  Combat Shield  
  80  6:22  SCV  
  80  6:25  SCV  
  82  6:26  Orbital Command  
  82  6:28  Marauder  
  84  6:34  SCV  
  84  6:38  SCV  
  84  6:39  Marauder  
  88  6:41  Medivac x2  
  88  6:46  SCV, Barracks Reactor  
  93  6:48  Ghost Academy  
  93  6:50  SCV  
  93  6:53  SCV  
  95  6:54  Factory Reactor  
  95  6:58  SCV, Supply Depot  
  95  7:00  Supply Depot, Marine, Refinery  
  95  7:01  Marauder x2, Marine  
  101  7:03  SCV  
  101  7:07  SCV  
  101  7:08  Missile Turret  
  104  7:10  SCV  
  104  7:12  Marauder, Medivac  
  109  7:17  Supply Depot  
  109  7:19  Medivac, Marine x2  
  113  7:23  Marine x2  
  113  7:24  Ghost, Marine  
  118  7:31  Widow Mine x2  
  118  7:33  Supply Depot  
  118  7:35  Missile Turret  
  122  7:39  Missile Turret  
  122  7:40  Missile Turret  
  122  7:42  Ghost  
  122  7:43  Supply Depot  
  124  7:50  Ghost  
  124  7:51  Marine x4  
  128  7:53  Supply Depot  
  128  7:54  Widow Mine  
  128  7:55  Widow Mine  
  128  7:57  Missile Turret  
  134  8:06  Terran Infantry Armor Level 1, Supply Depot x2  
  134  8:12  Medivac, Marine  
  136  8:13  Marine x4  
  141  8:20  Marauder  
  141  8:21  Marauder  
  144  8:30  SCV, Marine x2  
  144  8:34  Marauder, Marine  
  149  8:35  Marine  
  149  8:39  Barracks x2  
  149  8:40  Barracks  
  149  8:51  Viking x2  
  149  8:54  Marauder  
  149  8:55  Marauder  
  157  8:56  Starport  
  157  9:07  Refinery  
  157  9:10  Supply Depot  
  157  9:11  Marauder  
  157  9:12  Armory  
  157  9:14  Engineering Bay, Command Center  
  157  9:16  Marauder  
  161  9:17  Supply Depot  
  161  9:21  Viking x2  
  165  9:25  Ghost  
  165  9:26  Marine x2  
  165  9:27  Barracks Tech Lab  
  165  9:30  Marine x2  
  166  9:32  Ghost  
  166  9:37  Viking  
  170  9:45  Supply Depot  
  170  9:46  Supply Depot  
  170  9:49  Viking  
  170  9:52  Ghost x2  
  174  10:01  Viking  
  174  10:03  Marauder x2  
  174  10:15  Viking x2  
  174  10:20  Ghost  
  178  10:22  Sensor Tower  
  180  10:34  Marauder x2  
  177  10:47  Marauder, Marine x2  
  181  10:50  Marauder  
  176  10:58  Marauder  
  176  10:59  Marauder  
  178  11:04  Concussive Shells  
  178  11:09  Marauder  
  180  11:11  Viking  
  180  11:12  Viking x3  
  180  11:17  Terran Infantry Armor Level 2  
  188  11:20  SCV x2  
  190  11:37  Marauder x2, Marine x4  
  196  11:42  Planetary Fortress  
  196  11:43  SCV  
  196  11:44  SCV x2  
  194  12:02  Liberator x2  
  194  12:06  SCV x2  
  196  12:09  Bunker  
  187  12:18  SCV x2  
  187  12:19  SCV  
  196  12:28  Barracks Reactor, Barracks Tech Lab  
  194  12:31  Bunker  
  194  12:33  Terran Infantry Weapons Level 2, Supply Depot  
  194  12:36  SCV  
  194  12:37  SCV  
  153  13:12  Ghost x2  
  151  13:14  Medivac x3, Ghost  
  151  13:15  Ghost  
  117  13:37  Liberator  
  117  13:39  Marine x3  
  117  13:40  Ghost, Marine x3  
  118  13:41  Viking, Marauder  
  118  13:43  SCV x2  
  118  13:44  Marauder x2, Medivac, SCV x2  
  132  13:51  Refinery  
  132  13:52  Refinery  
  132  13:55  SCV x2  
  137  13:56  SCV x2  
  137  13:57  Terran Ship Weapons Level 1  
  139  14:03  Marauder  
  139  14:04  Liberator  
  139  14:05  Marauder  
  139  14:06  Marine  
  139  14:07  SCV x2, Missile Turret, Marine x4  
  139  14:08  SCV  
  139  14:09  Marauder  
  155  14:10  Marauder  
  155  14:13  Barracks  
  155  14:15  Barracks  
  155  14:16  Command Center  
  155  14:20  Liberator  
  161  14:24  Fusion Core  
  161  14:30  Starport Tech Lab  
  157  14:34  Marauder x3  
  157  14:35  Marine x2  
  157  14:36  Marine x2  
  170  14:38  Terran Infantry Armor Level 3  
  170  14:46  Liberator  
  174  15:00  Marine x6  
  174  15:03  Marauder x2, Barracks Tech Lab x2  
  174  15:04  Sensor Tower  
  175  15:17  Liberator x2  
  168  15:26  Command Center  
  162  15:33  Marauder x3, Marine x5  
  173  15:39  Advanced Ballistics  
  173  15:42  Liberator  
  166  15:47  Marauder x2, Marine  
  161  15:58  Marine x2  
  161  15:59  Marauder x2, Marine  
  153  16:07  SCV  
  153  16:08  Missile Turret  
  154  16:12  Bunker  
  152  16:19  Liberator x2  
  133  16:37  SCV  
  133  16:38  SCV  
  141  16:42  SCV  
  140  16:48  SCV  
  140  16:51  Factory Tech Lab  
  139  16:54  Marauder  
  139  16:55  Marauder, Factory  
Tags
 
Add a new tag
Caveats
  • Supply blocks, unpowered buildings, or Contaminate may cause inaccurate times.
  • Supply counts are checked every 10 seconds.